 Dungeon Crawl Stone Soup version 0.31-a0-705-ga145531891 (webtiles) character file.

Game seed: 17537841584472600229

162 dondy the Ruffian (level 5, -2/41 HPs)
             Began as a Gnoll Shapeshifter on Sept 9, 2023.
             Was an Initiate of Wu Jian.
             Killed from afar by Ijyb (7 damage)
             ... with a bolt of acid
             ... on level 4 of the Dungeon.
             The game lasted 00:07:38 (2612 turns).

dondy the Ruffian (Gnoll Shapeshifter)              Turns: 2612, Time: 00:07:38

Health: -2/41      AC: -1    Str: 13    XL:     5   Next: 43%
Magic:  7/7        EV: 14    Int: 11    God:    Wu Jian [......]
Gold:   126        SH:  0    Dex: 18    Spells: 7/7 levels left

rFire   + .          .
                       - Unarmed
rCold   . . .        (no shield)
rNeg    . . .        a - +0 animal skin
rPois   .            w - melded +1 helmet
rElec   .            (cloak currently unavailable)
rCorr   .            (gloves currently unavailable)
SInv    .            q - melded +2 pair of boots
Will    .....        (no amulet)
Stlth   ++           e - ring of protection from fire
HPRegen 0.26/turn    f - +6 ring of dexterity
MPRegen 0.10/turn

%: no passive effects
@: beast-form, corroded
A: beast (slay +3), fangs 1, strong nose, distributed training
a: Begin Untransformation, Renounce Religion


You were on level 4 of the Dungeon.
You worshipped Wu Jian.
Wu Jian was noncommittal.
You were a hulking beast.
You visited 1 branch of the dungeon, and saw 4 of its levels.

You collected 152 gold pieces.
You spent 26 gold pieces at shops.

Inventory:

Hand Weapons
 l - a +0 glaive
Missiles
 m - 8 boomerangs (quivered)
 u - 7 poisoned darts
Armour
 a - a +0 animal skin (worn)
 k - a +0 kite shield
 q - a +2 pair of boots (melded)
 w - a +1 helmet (melded)
Jewellery
 e - a ring of protection from fire (left hand)
 f - a +6 ring of dexterity (right hand)
Talismans
 c - a beast talisman (active)
 d - a flux talisman
Scrolls
 h - 3 scrolls of amnesia {unknown}
 i - a scroll of teleportation {unknown}
 o - a scroll of poison {unknown}
 p - a scroll of revelation {unknown}
 s - 3 scrolls of identify {unknown}
 t - a scroll of blinking {unknown}
 v - a scroll of brand weapon {unknown}
Potions
 b - a potion of lignification
 g - a potion of haste {unknown}
 j - a potion of magic {unknown}
 n - 5 potions of curing {unknown}
 r - a potion of enlightenment {unknown}


   Skills:
 + Level 3.0 Fighting
 + Level 1.5 Short Blades
 + Level 1.5 Long Blades
 + Level 1.5 Axes
 + Level 1.5 Maces & Flails
 + Level 1.5 Polearms
 + Level 1.5 Staves
 + Level 1.5 Ranged Weapons
 + Level 1.5 Throwing
 + Level 1.5 Armour
 + Level 4.8 Dodging
 + Level 1.5 Stealth
 + Level 1.5 Shields
 + Level 6.7 Unarmed Combat
 + Level 1.5 Spellcasting
 + Level 1.2 Conjurations
 + Level 1.2 Hexes
 + Level 1.2 Summonings
 + Level 1.2 Necromancy
 + Level 1.2 Translocations
 + Level 1.2 Transmutations
 + Level 1.2 Fire Magic
 + Level 1.2 Ice Magic
 + Level 1.2 Air Magic
 + Level 1.2 Earth Magic
 + Level 1.2 Poison Magic
 + Level 1.7 Invocations
 + Level 1.5 Evocations
 + Level 6.6 Shapeshifting


You had 7 spell levels left.
You didn't know any spells.
Your spell library was empty.

Dungeon Overview and Level Annotations

Branches:
Dungeon (4/15)
 Temple: D:4-7

Altars:
Wu Jian

Shops:
D:3 !

Annotations:
D:3 3 runed translucent doors, DEFE's ghost, weakling DESh
D:4 exclusion: ogre, Ijyb; Menkaure


Innate Abilities, Weirdness & Mutations

You are a hulking beast.
Your limbs bulge with bestial killing power. (Slay +3)
You have very sharp teeth.
Your uncanny sense of smell can sniff out nearby items.
Your experience applies equally to all skills.


Message History

Okay, then.
You begin untransforming.
You continue untransforming. x3
Your transformation has ended.
Your +2 pair of boots unmelds from your body.
You start putting on your armour.
You continue putting on your +1 helmet. x4
You finish putting on your +1 helmet.
You begin transforming.
You continue transforming. x3
You turn into a hulking beast.
Your +1 helmet melds into your body.
Your +2 pair of boots melds into your body.
Ijyb and an endoplasm come into view.
Ijyb is wielding a +1 dagger of freezing, wearing a +3 leather armour of fire resistance and carrying a wand of acid.
Found a scroll labelled SUMOBO WESU.
You start waiting.
Ijyb is nearby!
Ijyb barely misses you.
You barely miss Ijyb.
Ijyb hits you with a +1 dagger of freezing.
Ijyb freezes you.
You hit Ijyb. You punch Ijyb.
Ijyb is heavily wounded.
Ijyb zaps a wand.
The bolt of acid hits you! The acid corrodes you!
You barely miss Ijyb.
Ijyb is heavily wounded.
Ijyb barely misses you.
You barely miss Ijyb.
Ijyb is heavily wounded.
You hit Ijyb. You bite Ijyb, but do no damage.
Ijyb is heavily wounded.
Ijyb zaps a wand.
The bolt of acid hits you!!
* * * LOW HITPOINT WARNING * * *
You hit Ijyb.
Ijyb is severely wounded.
Ijyb hits you with a +1 dagger of freezing.
* * * LOW HITPOINT WARNING * * *
Ijyb freezes you.
* * * LOW HITPOINT WARNING * * *
You closely miss Ijyb. You bite Ijyb, but do no damage.
Ijyb is severely wounded.
Ijyb zaps a wand.
The bolt of acid hits you!
You die...

........# #.##
#..##...#### #... #
#..###.....# ##.## .J#.
.#######.## #...#
#...#####?##.......# #...#
#.......##.####..# #...#
#.....# #.####..######...#
#.....###.##....##........
#......##h................
#.......g.......##........
#......##.##.##.######...#
###.##.......##.# #...# #.
####.##.##.# #...#
#.#####.##.##.# #...#
∆#.............# ##.##
###.########### #.# ####
#.#


You could see Ijyb.

Vanquished Creatures
  A jelly (D:4)
  Terence (D:2)
  An orc wizard (D:3)
  3 adders
  A dart slug (D:1)
  2 orcs (D:3)
  6 endoplasms
  4 giant cockroaches (D:1)
  5 hobgoblins
  2 jackals (D:2)
  6 kobolds
  2 quokkas
  8 ball pythons
  4 bats
  3 goblins
  2 rats (D:1)
51 creatures vanquished.

Notes
Turn   | Place    | Note
-------+----------+-------------------------------------------
     0 | D:1      | dondy the Gnoll Shapeshifter began the quest for the Orb.
     0 | D:1      | Reached XP level 1. HP: 17/17 MP: 1/1
   115 | D:1      | Reached XP level 2. HP: 23/23 MP: 2/2
   458 | D:1      | Reached XP level 3. HP: 22/28 MP: 3/3
   709 | D:2      | Reached skill level 1 in Invocations
  1032 | D:2      | Noticed Terence
  1038 | D:2      | Killed Terence
  1039 | D:2      | Reached skill level 1 in Short Blades
  1039 | D:2      | Reached skill level 1 in Long Blades
  1039 | D:2      | Reached skill level 1 in Axes
  1039 | D:2      | Reached skill level 1 in Maces & Flails
  1039 | D:2      | Reached skill level 1 in Polearms
  1039 | D:2      | Reached skill level 1 in Staves
  1039 | D:2      | Reached skill level 1 in Ranged Weapons
  1039 | D:2      | Reached skill level 1 in Throwing
  1039 | D:2      | Reached skill level 1 in Armour
  1039 | D:2      | Reached skill level 1 in Stealth
  1039 | D:2      | Reached skill level 1 in Shields
  1039 | D:2      | Reached skill level 1 in Spellcasting
  1039 | D:2      | Reached skill level 1 in Evocations
  1039 | D:2      | Reached XP level 4. HP: 29/34 MP: 5/5
  1384 | D:3      | Reached skill level 1 in Conjurations
  1384 | D:3      | Reached skill level 1 in Hexes
  1384 | D:3      | Reached skill level 1 in Summonings
  1384 | D:3      | Reached skill level 1 in Necromancy
  1384 | D:3      | Reached skill level 1 in Translocations
  1384 | D:3      | Reached skill level 1 in Transmutations
  1384 | D:3      | Reached skill level 1 in Fire Magic
  1384 | D:3      | Reached skill level 1 in Ice Magic
  1384 | D:3      | Reached skill level 1 in Air Magic
  1384 | D:3      | Reached skill level 1 in Earth Magic
  1384 | D:3      | Reached skill level 1 in Poison Magic
  1520 | D:3      | Found a runed translucent gate.
  1520 | D:3      | Found a runed translucent gate.
  1520 | D:3      | Found a runed translucent gate.
  1524 | D:3      | You fall into a shaft and drop 1 floor!
  1586 | D:4      | Reached XP level 5. HP: 39/40 MP: 6/6
  1586 | D:4      | Noticed an ogre
  1682 | D:3      | Found Kuxe's Distillery.
  1692 | D:3      | Bought 2 potions of degeneration for 26 gold pieces
  1733 | D:3      | Noticed DEFE's ghost (weakling DESh)
  1746 | D:3      | Found an ornate altar of the Wu Jian Council.
  1754 | D:3      | Became a worshipper of the Wu Jian Council
  2361 | D:4      | Noticed Menkaure
  2595 | D:4      | Noticed Ijyb
  2612 | D:4      | Killed from afar by Ijyb

Illustrated notes

Levels and vault maps discovered:
D:1:      minmay_arrival_checkered_box, layout_rooms, minivault_24
D:2:      layout_loops_cross, serial_forest, infiniplex_forest_clump_diagonal,
          infiniplex_forest_end_1, infiniplex_forest_zigzag_1,
          infiniplex_forest_straight_3, infiniplex_forest_lined_room_2,
          infiniplex_forest_straight_2, infiniplex_forest_straight_2,
          minmay_misc_feat_columns, uniq_terence
D:3:      layout_basic, old_standard_altar, serial_shops, shop,
          gammafunk_ghost_split, supply_closet_lemuel, columned_hall_lemuel
D:4:      layout_loops_cross, mainiacjoe_overflow_six_doors_small,
          serial_bayou_crossing, uniq_ijyb, uniq_pikel, uniq_menkaure

Skill      XL: |  1  2  3  4  5 |
---------------+----------------+-----
Invocations    | 1 |  1.7
Short Blades   | 1 |  1.5
Long Blades    | 1 |  1.5
Axes           | 1 |  1.5
Maces & Flails | 1 |  1.5
Polearms       | 1 |  1.5
Staves         | 1 |  1.5
Ranged Weapons | 1 |  1.5
Throwing       | 1 |  1.5
Armour         | 1 |  1.5
Stealth        | 1 |  1.5
Shields        | 1 |  1.5
Spellcasting   | 1 |  1.5
Evocations     | 1 |  1.5
Conjurations   | 1 |  1.2
Hexes          | 1 |  1.2
Summonings     | 1 |  1.2
Necromancy     | 1 |  1.2
Translocations | 1 |  1.2
Transmutations | 1 |  1.2
Fire Magic     | 1 |  1.2
Ice Magic      | 1 |  1.2
Air Magic      | 1 |  1.2
Earth Magic    | 1 |  1.2
Poison Magic   | 1 |  1.2
Fighting       | 3 |  3.0
Dodging        | |  4.8
Unarmed Combat | |  6.7
Shapeshifting  | |  6.6

Action                     |  1- 3 |  4- 6 || total
---------------------------+-------+-------++-------
  Melee: Unarmed           |    66 |    46 ||   112
         Bite              |     7 |     6 ||    13
         Punch             |     3 |     3 ||     6
  Throw: Boomerang         |     2 |     4 ||     6
Ability: Lunge             |       |     1 ||     1
   Stab: Sleeping          |     2 |     2 ||     4
 Armour: Animal skin       |    19 |    17 ||    36
  Dodge: Dodged            |    34 |    19 ||    53
         Form:             |       |     2 ||     2
         Beast             |       |     2 ||     2

Table legend: (Time is in decaauts)
 A = Elapsed time spent in this place.
 B = Non-inter-level travel time spent in this place.
 C = Inter-level travel time spent in this place.
 D = Time resting spent in this place.
 E = Time spent auto-exploring this place.
 F = Levels seen in this place.
 G = Mean time per level.
                   A        B        C        D        E       F      G
               +--------+--------+--------+--------+--------+-----+--------+
         Total |   2598 |   2449 |    149 |    210 |   1779 |   4 |  649.5 |
       Dungeon |   2598 |   2449 |    149 |    210 |   1779 |   4 |  649.5 |
               +--------+--------+--------+--------+--------+-----+--------+

Top non-repeatable levels by time:
     D:3: 995 daAuts
     D:2: 658 daAuts
     D:1: 588 daAuts
     D:4: 356 daAuts
